AoeStats
← Kinda High (bluker on Spotify)

Arabia

504568344Analyzed
2v2 RM · 27d ago on Sep 5, 2026· 55m 53s· 4 players
Game mode
Random Map
Map size
Medium (4 player)
Population
200
Speed
Normal
Resources
Standard
Victory
Conquest
Starting age
Dark Age
Ending age
Imperial Age
RankedLock teamsTeams togetherTeam positionsShared explorationLock speedFull tech treeHidden civsTurbo modeCheats
Victory
Defeat
🇳🇿 Chinese · New Zealand
687
+14
685
+24
🇵🇹 Persians · Portugal
658
-14
🇬🇧 Britons · United Kingdom
637
-15
SLUG
9:50 Feudal Age
10:18 Loom
14:56 Town Watch
18:11 Castle Age
20:39 Gold Mining
25:14 Stone Mining
30:04 Wheelbarrow
29:48 Bloodlines
30:41 Kamandaran
31:33 Horse Collar
32:52 Heavy Plow
34:55 Husbandry
40:31 Crossbowman
CoffeeByTheCasuals.com
7:34 Loom
10:39 Feudal Age
12:05 Double-Bit Axe
20:10 Wheelbarrow
21:04 Horse Collar
24:24 Castle Age
28:42 Crossbowman
29:18 Fletching
29:30 Padded Archer Armor
33:19 Hand Cart
33:38 Bow Saw
33:32 Heavy Plow
34:09 Stone Mining
34:58 Bodkin Arrow
35:19 Leather Archer Armor
36:29 Gold Mining
39:05 Caravan
47:50 Imperial Age
45:22 Man-at-Arms
46:53 Forging
46:44 Scale Mail Armor
49:01 Gold Shaft Mining
47:59 Long Swordsman
48:43 Squires
48:28 Gambesons
48:44 Elite Longbowman
53:01 Two-Handed Swordsman
Kinda High (bluker on Spotify)
14:32 Loom
16:48 Feudal Age
17:32 Horse Collar
21:14 Wheelbarrow
20:25 Town Watch
21:01 Double-Bit Axe
33:51 Castle Age
31:34 Man-at-Arms
32:01 Arson
32:25 Gold Mining
32:25 Stone Mining
34:12 Scale Barding Armor
34:08 Scale Mail Armor
34:19 Forging
34:00 Fletching
36:04 Hand Cart
35:30 Long Swordsman
35:35 Pikeman
41:25 Bow Saw
45:43 Imperial Age
44:50 Squires
44:36 Gambesons
44:17 Elite Skirmisher
44:18 Crossbowman
45:03 Thumb Ring
45:22 Ballistics
45:09 Siphons
47:14 Elite War Wagon
48:54 Town Patrol
49:59 Chemistry
49:25 Chain Mail Armor
49:46 Iron Casting
49:07 Bodkin Arrow
49:33 Chain Barding Armor
50:39 Husbandry
50:00 Cavalier
51:30 Two-Handed Swordsman
shae3.120
0:34 Loom
11:40 Feudal Age
13:25 Gold Mining
13:29 Double-Bit Axe
16:17 Horse Collar
17:26 Man-at-Arms
24:45 Castle Age
24:34 Forging
24:37 Scale Mail Armor
26:04 Caravan
26:21 Squires
26:52 Bow Saw
29:26 Arson
30:29 Coinage
30:49 Heavy Plow
32:52 Elite Skirmisher
34:16 Chain Mail Armor
34:37 Iron Casting
33:53 Fletching
43:28 Imperial Age
44:41 Conscription
48:33 Elite Fire Lancer
51:02 Chemistry
50:23 Ballistics
50:03 Heavy Scorpion
51:31 Sanctity
51:15 Atonement
51:44 Illumination
51:22 Devotion
52:02 Theocracy
51:48 Block Printing
51:46 Fervor
55:13 Faith
Connection lost

Rejoining the realm…

Still unreachable

The connection could not be restored.

Session expired

The server has moved on; the page needs a fresh start.